 Dungeon Crawl Stone Soup version 0.31-a0-743-g45f7035092 (webtiles) character file.

Game seed: 7080418939989516390

1426 randomguy2701 the Chopper (level 9, 0/68 HPs)
             Began as a Human Fighter on Sept 12, 2023.
             Was an Initiate of the Shining One.
             Succumbed to Edmund's poison
             ... on level 6 of the Dungeon.
             The game lasted 00:07:48 (5181 turns).

randomguy2701 the Chopper (Human Fighter)           Turns: 5181, Time: 00:07:48

Health: 0/68       AC: 10    Str: 18    XL:     9   Next: 3%
Magic:  8/18       EV: 15    Int:  9    God:    the Shining One [......]
Gold:   220        SH:  5    Dex: 15    Spells: 8/8 levels left

rFire   . . .        a - +0 war axe
rCold   . . .        c - +0 buckler
rNeg    . . .        b - +0 scale mail
rPois   .            u - +0 helmet
rElec   .            (no cloak)
rCorr   .            l - +0 pair of gloves
SInv    .            (no boots)
Will    .....        m - amulet of guardian spirit
Stlth   +            A - ring of magical power
HPRegen 0.31/turn    v - +5 ring of evasion
MPRegen 0.16/turn

%: guardian spirit
@: mighty, brilliant, lethally poisoned (0 -> -8), attractive, glowing
A: no striking features
a: Renounce Religion


You were on level 6 of the Dungeon.
You worshipped the Shining One.
The Shining One was noncommittal.
You visited 2 branches of the dungeon, and saw 7 of its levels.

You collected 220 gold pieces.

Inventory:

Hand Weapons
 a - a +0 war axe (weapon)
 t - the +3 flail of Superiority {vamp, rElec rC++}
   (You took it off a kobold on level 2 of the Dungeon)

   rC++:      It greatly protects you from cold.
   rElec:     It insulates you from electricity.
   The Shining One disapproves of the use of such an item.
Missiles
 D - a throwing net
Armour
 b - a +0 scale mail (worn)
 c - a +0 buckler (worn)
 l - a +0 pair of gloves (worn)
 u - a +0 helmet (worn)
Jewellery
 h - a ring of willpower
 m - an amulet of guardian spirit (around neck)
 v - a +5 ring of evasion (right hand)
 A - a ring of magical power (left hand)
Wands
 E - a wand of flame (22)
Scrolls
 f - 2 scrolls of enchant weapon {unknown}
 g - 3 scrolls of teleportation {unknown}
 i - 5 scrolls of fog {unknown}
 k - 4 scrolls of identify {unknown}
 n - a scroll of amnesia {unknown}
 o - a scroll of poison {unknown}
 p - 2 scrolls of revelation {unknown}
 q - a scroll of enchant armour {unknown}
 s - a scroll of noise {unknown}
 w - a scroll of immolation {unknown}
 y - a scroll of brand weapon {unknown}
Potions
 e - a potion of mutation {unknown}
 j - 2 potions of attraction
 r - 2 potions of brilliance
 x - a potion of cancellation {unknown}
 z - 2 potions of curing {unknown}
 B - a potion of berserk rage {unknown}
 C - a potion of heal wounds {unknown}


   Skills:
 + Level 5.1 Fighting
 + Level 7.2 Axes
 + Level 5.5 Armour
 + Level 2.7 Dodging
 + Level 1.6 Stealth
 + Level 4.2 Shields


You had 8 spell levels left.
You didn't know any spells.
Your spell library contained the following spells:

 Spells                   Type           Power      Damage    Failure   Level
 Magic Dart               Conj           0%         1d3       83%         1
 Call Imp                 Summ           0%         N/A       92%         2
 Searing Ray              Conj           0%         2d4       92%         2
 Inner Flame              Hex/Fire       0%         N/A       99%         3
 Mephitic Cloud           Conj/Pois/Air  0%         N/A       99%         3
 Stone Arrow              Conj/Erth      0%         3d7       99%         3
 Animate Armour           Summ/Erth      0%         N/A       100%        4
 Fulminant Prism          Conj/Hex       0%         3d5       100%        4
 Yara's Violent Unravell  Hex/Tmut       0%         3d3       100%        5
 Enfeeble                 Hex            0%         N/A       100%        7
 Lehudib's Crystal Spear  Conj/Erth      0%         10d2      100%        8


Dungeon Overview and Level Annotations

Branches:
Dungeon (6/15)             Temple (1/1) D:5

Altars:
Cheibriados
Dithmenos
Elyvilon
Fedhas
Hepliaklqana
Qazlal
Trog
Uskayaw
Vehumet
Wu Jian
Xom
Zin
The Shining One

Shops:
D:2 (


Message History

Edmund is severely wounded.
You hit the ice beast.
You feel very sick.
A sleepcap comes into view.
Edmund closely misses you.
The ice beast hits you but does no damage.
You hit Edmund.
Edmund is severely wounded.
You slash the ice beast!
You feel very sick. The ice beast barely misses you.
Edmund hits you with a +2 flail of venom.
* * * LOW HITPOINT WARNING * * *
You are lethally poisoned!
You hit the ice beast but do no damage.
The ice beast is severely wounded.
You hit Edmund.
* * * LOW HITPOINT WARNING * * *
You feel very sick. The ice beast closely misses you.
You block Edmund's attack.
Unknown command.
You slash Edmund!
You kill Edmund!
You barely miss the ice beast.
* * * LOW HITPOINT WARNING * * *
You feel very sick. The ice beast misses you. You block the ice beast's attack.
You have reached level 9!
Your experience leads to an increase in your attributes!
Increase (S)trength, (I)ntelligence, or (D)exterity?
You feel stronger. x2
It was a potion of attraction.
You feel attractive to monsters.
* * * LOW HITPOINT WARNING * * *
You feel very sick.
The ice beast hits you but does no damage.
The sleepcap is attracted toward you.
It was a potion of brilliance.
You feel clever all of a sudden.
You die...

...##.........# #.#
...#.#.#.#.####.#
#............#.#
#.#.#>#.#.##.#.#
#..........#.#.# .
###.#.#.#.#....### ≈≈≈
#.....^.....)....
...≈.####.#.#.#.#.<.####
≈≈.≈..)@f######.....#
.≈.§.###Y.§# #.....# .≈.
##.....#.....# .
...#.####### ...# ..
...# ...# ...#


You could see an ice beast and a sleepcap.

Vanquished Creatures
  Grinder (D:6)
  Edmund (D:6)
  An ice beast (D:5)
  A black bear (D:4)
  A centaur (D:6)
  A kobold brigand (D:6)
  A bullfrog (D:6)
  3 scorpions (D:5)
  A hound (D:4)
  2 jellies
  A sleepcap (D:6)
  An orc priest (D:4)
  A gnoll bouda (D:5)
  An iguana (D:5)
  Terence (D:2)
  Ijyb (D:5)
  Natasha (thrice) (D:2)
  3 orc wizards
  2 adders
  5 gnolls
  A shadow imp (D:6)
  3 worms
  A dart slug (D:5)
  7 orcs
  3 ball pythons
  5 bats
  4 endoplasms
  3 giant cockroaches
  5 goblins
  5 hobgoblins
  2 jackals (D:1)
  5 kobolds
  3 quokkas
  6 frilled lizards
  3 rats
88 creatures vanquished.

Notes
Turn   | Place    | Note
-------+----------+-------------------------------------------
     0 | D:1      | randomguy2701 the Human Fighter began the quest for the
                  | Orb.
     0 | D:1      | Reached XP level 1. HP: 18/18 MP: 1/1
   120 | D:1      | Reached XP level 2. HP: 24/24 MP: 2/2
   272 | D:1      | Reached XP level 3. HP: 29/29 MP: 3/3
   614 | D:2      | Noticed Terence
   626 | D:2      | Killed Terence
   627 | D:2      | Reached XP level 4. HP: 16/35 MP: 4/4
   849 | D:2      | Identified the +3 flail of Superiority {vamp, rElec rC++}
   989 | D:2      | Noticed Natasha
   997 | D:2      | Killed Natasha
   998 | D:2      | Reached skill level 3 in Axes
  1098 | D:2      | Found Dirasu Heaf's Weapon Boutique.
  1193 | D:2      | Reached XP level 5. HP: 41/41 MP: 5/5
  1233 | D:2      | Noticed Natasha
  1245 | D:2      | Killed Natasha
  1411 | D:2      | Noticed Natasha
  1419 | D:2      | Killed Natasha
  1806 | D:3      | Found a blossoming altar of Fedhas.
  2214 | D:4      | Reached skill level 4 in Axes
  2214 | D:4      | Reached skill level 1 in Dodging
  2214 | D:4      | Reached XP level 6. HP: 42/48 MP: 6/6
  2319 | D:4      | Noticed a black bear
  2331 | D:4      | Killed a black bear
  2394 | D:4      | Found a shimmering altar of Xom.
  2964 | D:4      | Reached XP level 7. HP: 28/54 MP: 4/7
  3262 | D:5      | Entered Level 5 of the Dungeon
  3521 | D:5      | Reached skill level 5 in Axes
  3551 | D:5      | Reached skill level 1 in Stealth
  3574 | D:5      | Found a stormy altar of Qazlal.
  3772 | D:5      | Reached XP level 8. HP: 60/61 MP: 8/8
  4269 | D:5      | Found a staircase to the Ecumenical Temple.
  4310 | D:5      | Found a hazy altar of Hepliaklqana.
  4316 | D:5      | Reached skill level 5 in Armour
  4316 | D:5      | Found a shadowy altar of Dithmenos.
  4316 | D:5      | Noticed a shadow
  4368 | D:5      | Noticed Ijyb
  4382 | D:5      | Killed Ijyb
  4413 | D:5      | Reached skill level 6 in Axes
  4851 | Temple   | Entered the Ecumenical Temple
  4912 | Temple   | Became a worshipper of the Shining One
  5083 | D:6      | Noticed Grinder
  5098 | D:6      | Paralysed by Grinder for 5 turns
  5103 | D:6      | Killed Grinder
  5162 | D:6      | Noticed Edmund
  5175 | D:6      | Reached skill level 5 in Fighting
  5175 | D:6      | Reached skill level 7 in Axes
  5179 | D:6      | Killed Edmund
  5180 | D:6      | Reached XP level 9. HP: 4/68 MP: 7/9
  5180 | D:6      | HP: 2/68 [poisoned by Edmund]
  5181 | D:6      | Succumbed to Edmund's poison

Illustrated notes

Levels and vault maps discovered:
D:1:      matt_arrival_refuge, layout_rooms
D:2:      layout_basic, serial_shops, shop, uniq_terence, uniq_natasha
D:3:      layout_loops_ring, fedhas_altar_2, nicolae_titane
D:4:      layout_basic, old_standard_altar, minmay_between
D:5:      layout_layer_cave, riverfiend_overflow_shadow_ancestor,
          nicolae_qazlal_eye_of_the_storm, minmay_temple_entry_offerings,
          uniq_ijyb
D:6:      layout_basic, mainiacjoe_overflow_concentric_impassable,
          ebering_ghost_inner_flame, st_stairs_9, grunt_decor_mini_mirrors,
          uniq_grinder, uniq_edmund, uniq_blork_the_orc, uniq_maggie
Temple:   hellmonk_temple_beads

Skill      XL: |  1  2  3  4  5  6  7  8 |
---------------+-------------------------+-----
Axes           | 3 4 5 7 |  7.2
Dodging        | 1 2 |  2.7
Fighting       | 4 5 |  5.1
Armour         | 4 5 |  5.5
Stealth        | 1 |  1.6
Shields        | 4 |  4.2

Action                     |  1- 3 |  4- 6 |  7- 9 || total
---------------------------+-------+-------+-------++-------
  Melee: War axe           |    52 |   150 |   132 ||   334
    Use: Potion            |       |       |     3 ||     3
 Armour: Scale mail        |    30 |   103 |   111 ||   244
  Dodge: Dodged            |    28 |    90 |   120 ||   238
  Block: Buckler           |    13 |    30 |    43 ||    86

Table legend: (Time is in decaauts)
 A = Elapsed time spent in this place.
 B = Non-inter-level travel time spent in this place.
 C = Inter-level travel time spent in this place.
 D = Time resting spent in this place.
 E = Time spent auto-exploring this place.
 F = Levels seen in this place.
 G = Mean time per level.
                   A        B        C        D        E       F      G
               +--------+--------+--------+--------+--------+-----+--------+
         Total |   5294 |   4815 |    479 |      0 |   4014 |   7 |  756.3 |
       Dungeon |   5199 |   4814 |    385 |      0 |   4014 |   6 |  866.5 |
        Temple |     94 |      1 |     93 |      0 |      0 |   1 |   94.0 |
               +--------+--------+--------+--------+--------+-----+--------+

Top non-repeatable levels by time:
     D:5: 1438 daAuts
     D:4: 1405 daAuts
     D:2: 973 daAuts
     D:3: 614 daAuts
     D:1: 545 daAuts
     D:6: 222 daAuts
  Temple: 94 daAuts
